 Seeded DCSS version 0.30-a0-377-g5cb311bc9f (webtiles) character file.

Game seed: 17053918465477515074 (custom seed)

38 innerfire433 the Shield-Bearer (level 3, -2/28 HPs)
             Began as a Demonspawn Wanderer on Nov 27, 2022.
             Frozen to death by an endoplasm (5 damage)
             ... on level 2 of the Dungeon.
             The game lasted 00:01:43 (1075 turns).

innerfire433 the Shield-Bearer (DsWn)               Turns: 1075, Time: 00:01:43

Health: -2/28      AC:  6    Str: 15    XL:     3   Next: 25%
Magic:  3/3        EV:  8    Int: 11    God:
Gold:   31         SH:  4    Dex: 13    Spells: 2/2 levels left

rFire   . . .      SeeInvis .    a - +0 hand axe
rCold   . . .      Faith    .    c - +0 buckler
rNeg    . . .      Spirit   .    j - +0 scale mail
rPois   .          Reflect  .    (no helmet)
rElec   .          Harm     .    (no cloak)
rCorr   .          Rampage  .    (no gloves)
Will    .....                    (no boots)
Stlth   ..........               (no amulet)
HPRegen 0.24/turn                (no ring)
MPRegen 0.08/turn                (no ring)

@: flying
A: hooves 1
a: no special abilities


You were on level 2 of the Dungeon.
You visited 1 branch of the dungeon, and saw 2 of its levels.

You collected 31 gold pieces.

Inventory:

Hand Weapons
 a - a +0 hand axe (weapon)
Armour
 c - a +0 buckler (worn)
 e - a +0 leather armour
 i - a +0 ring mail
 j - a +0 scale mail (worn)
Magical Staves
 k - a staff of air
Scrolls
 b - 2 scrolls of blinking
 d - a scroll of fog
 g - a scroll of fear {unknown}
 h - 2 scrolls of teleportation {unknown}


   Skills:
 + Level 2.3 Fighting
 * Level 2.5 Axes
 * Level 3.2 Shields
 - Level 2.6 Unarmed Combat


You had 2 spell levels left.
You didn't know any spells.
Your spell library was empty.

Dungeon Overview and Level Annotations

Branches:
Dungeon (2/15)

Altars:

Shops:
D:1 [


Innate Abilities, Weirdness & Mutations

You have large cloven feet.


Message History

Robin roars a battlecry!
The goblin goes into a battle-frenzy!
You barely miss Robin. You kick Robin.
Robin is heavily wounded.
Robin throws the goblin at you!
A goblin comes into view. It is wielding a +0 club.
You hit Robin. Your kick misses Robin.
Robin is severely wounded.
You hit the goblin. The goblin hits you but does no damage.
You block Robin's attack. The goblin hits you with a +0 dagger.
* * * LOW HITPOINT WARNING * * *
You hit Robin.
You kill Robin!
You closely miss the goblin. The goblin barely misses you.
You have reached level 3!
Your experience leads to an increase in your attributes!
Increase (S)trength, (I)ntelligence, or (D)exterity?
You feel stronger. x2
It was a potion of flight.
You feel very buoyant.
You fly up into the air.
The goblin hits you but does no damage. The endoplasm closely misses you.
You closely miss the goblin. You kick the goblin, but do no damage.
The goblin is moderately wounded.
You hit the endoplasm. The endoplasm hits you.
* * * LOW HITPOINT WARNING * * *
You block the goblin's attack.
You closely miss the goblin.
The goblin is moderately wounded.
You barely miss the endoplasm. The endoplasm freezes you.
You are frozen.
* * * LOW HITPOINT WARNING * * *
You block the goblin's attack.
You closely miss the goblin. You kick the goblin.
You kill the goblin!
You barely miss the endoplasm. You block the endoplasm's attack.
The endoplasm freezes you.
You are frozen.
You die...

#.. #..
####.#
....### .#
#.....
..h.##g#.#
......hgg#
......#J##
..... #@#
.... #)#
... #.# .J
#.# . #.#
#.# #.#
..# .##


You could see an endoplasm, a jackal, a hobgoblin (strong) and 2 goblins.

Vanquished Creatures
  Robin (D:2)
  A bat (D:1)
  2 endoplasms (D:1)
  4 goblins
  A hobgoblin (D:2)
  7 jackals (D:1)
  A ball python (D:1)
  A frilled lizard (D:1)
  5 kobolds (D:1)
  A rat (D:1)
24 creatures vanquished.

Notes
Turn   | Place    | Note
-------+----------+-------------------------------------------
     0 | D:1      | innerfire433 the Demonspawn Wanderer began the quest for
                  | the Orb.
     0 | D:1      | innerfire433 set off with the following items: a +0 hand
                  | axe, 2 scrolls of blinking, a +0 buckler, a scroll of fog,
                  | a +0 leather armour.
     0 | D:1      | Reached XP level 1. HP: 16/16 MP: 1/1
   155 | D:1      | Gained mutation: You have large cloven feet. [demonic
                  | ancestry]
   155 | D:1      | Reached XP level 2. HP: 17/22 MP: 2/2
   182 | D:1      | Found a faded altar of an unknown god.
   190 | D:1      | Reached skill level 3 in Shields
   923 | D:1      | Found Puum's Armour Boutique.
  1062 | D:2      | Noticed Robin
  1071 | D:2      | Killed Robin
  1072 | D:2      | Reached XP level 3. HP: 6/28 MP: 3/3
  1075 | D:2      | Frozen to death by an endoplasm

Illustrated notes

Levels and vault maps discovered:
D:1:      dpeg_arrival_arbitrary_c, layout_basic,
          chequers_ecumenical_altar_island, serial_shops, nicolae_square_shop
D:2:      layout_rooms, uniq_natasha, uniq_robin, uniq_jessica

Skill      XL: |  1  2 |
---------------+-------+-----
Axes           | 2 |  2.5
Shields        | 3 |  3.2
Fighting       | |  2.3
Unarmed Combat | |  2.6

Action                   || total
-------------------------++-------
Melee: Hand axe          ||    82
       Kick              ||    10
  Use: Potion            ||     1
Armor: Leather armour    ||    20
       Scale mail        ||     8
Dodge: Dodged            ||    46
Block: Buckler           ||    24

Table legend: (Time is in decaauts)
 A = Elapsed time spent in this place.
 B = Non-inter-level travel time spent in this place.
 C = Inter-level travel time spent in this place.
 D = Time resting spent in this place.
 E = Time spent auto-exploring this place.
 F = Levels seen in this place.
 G = Mean time per level.
                   A        B        C        D        E       F      G
               +--------+--------+--------+--------+--------+-----+--------+
         Total |   1095 |    947 |    148 |      0 |    760 |   2 |  547.5 |
       Dungeon |   1095 |    947 |    148 |      0 |    760 |   2 |  547.5 |
               +--------+--------+--------+--------+--------+-----+--------+

Top non-repeatable levels by time:
     D:1: 1072 daAuts
     D:2: 23 daAuts
